 Dungeon Crawl Stone Soup version 0.17-a0-1447-g3d113ad (webtiles) character file.

30 HEYYEYAAE the Ducker (level 3, 0/19 HPs)
             Began as a Spriggan Abyssal Knight on June 29, 2015.
             Was a Believer of Lugonu.
             Slain by a goblin
             ... wielding a +0 dagger
              (6 damage)
             ... on level 2 of the Dungeon.
             The game lasted 00:01:33 (1814 turns).

HEYYEYAAE the Ducker (Spriggan Abyssal Knight)      Turns: 1814, Time: 00:01:33

Health: 0/19       AC:  2    Str:  9    XL:     3   Next: 5%
Magic:  5/5        EV: 19    Int: 13    God:    Lugonu [**....]
Gold:   42         SH:  0    Dex: 15    Spells: 0 memorised, 2 levels left

rFire  . . .     SeeInvis +     a - +1 short sword
rCold  . . .     Clarity  .     b - +0 robe
rNeg   . . .     SustAt   .     (shield restricted)
rPois  .         Gourm    .     (helmet restricted)
rElec  .         Spirit   .     (no cloak)
rCorr  .         Warding  .     (gloves unavailable)
rMut   .         Stasis   .     (boots unavailable)
MR     .....                    (no amulet)
Stlth  ++........               (no ring)
                                (no ring)

@: very quick, not resistant to hostile enchantments, unstealthy
A: unfitting armour, see invisible, herbivore 3, speed 3, slow metabolism 2
a: Depart the Abyss, Bend Space, Renounce Religion


You were on level 2 of the Dungeon.
You worshipped Lugonu.
Lugonu was pleased with you.
You were not hungry.

You visited 1 branch of the dungeon, and saw 2 of its levels.
You visited the Abyss 1 time.

You collected 42 gold pieces.

Inventory:

Hand weapons
 a - a +1 short sword (weapon)
Armour
 b - a +0 robe (worn)
Scrolls
 d - a scroll of enchant weapon {unknown}
 f - a scroll of fear {unknown}
 h - a scroll of identify {unknown}
Potions
 e - a potion of heal wounds {unknown}
Comestibles
 c - a bread ration
 i - a slice of pizza


   Skills:
 * Level 2.9 Fighting
 + Level 2.6 Short Blades
 + Level 4.0 Dodging
 + Level 0.9 Stealth
 + Level 1.7 Invocations


You had 2 spell levels left.
You didn't know any spells.

Dungeon Overview and Level Annotations

Branches:
Dungeon (2/15)

Altars:
Nemelex Xobeh


Innate Abilities, Weirdness & Mutations

You are tiny and cannot use many weapons and most armour.
You have supernaturally acute eyesight.
You are a herbivore.
You cover ground extremely quickly.
You need consume almost no food.


Message History

You cannot move.
You start resting.
Your transformation is almost over.
You start resting.
You feel less woody.
Your +0 robe unmelds from your body.
You start resting.
A goblin is nearby!
The goblin shouts!
Things that are here:
a dagger; a goblin skeleton You see here 2 stones.
The goblin hits you with a dagger.
You closely miss the goblin. The goblin hits you with a dagger.
You closely miss the goblin. The goblin hits you with a dagger.
You closely miss the goblin. The goblin hits you with a dagger.
You hit the goblin.
The goblin is almost dead.
The goblin hits you with a dagger.
You die...

...# ...# #.. ...# #...
...# ... .# ...# .. .#
...##### #.####.######
..#....# #..##>.......#
..#.##.# #g##........#
....##.########.@.........#
..####...(.......?........?
..# ##########.(..(......#
### #.......)...!....#
#................#
...........(......#
...........)รท....##
.................#
._...............#


You could see a goblin.

Vanquished Creatures
  2 giant geckos
  A ball python (D:1)
  A giant cockroach (D:1)
  4 goblins
  5 hobgoblins
  4 bats
  3 giant newts
  2 kobolds
  4 rats (D:1)
26 creatures vanquished.

Notes
Turn   | Place    | Note
--------------------------------------------------------------
     0 | Abyss:1  | HEYYEYAAE the Spriggan Abyssal Knight began the quest for the Orb.
     0 | Abyss:1  | Reached XP level 1. HP: 11/11 MP: 3/3
     1 | Abyss:1  | Noticed a chaos spawn
     1 | Abyss:1  | Noticed a chaos spawn
     8 | Abyss:1  | Noticed a small abomination
    16 | Abyss:1  | Noticed a chaos spawn
    18 | D:1      | Escaped the Abyss
   558 | D:1      | Reached XP level 2. HP: 11/16 MP: 4/4
  1121 | D:2      | Reached skill level 4 in Dodging
  1155 | D:2      | Acquired Lugonu's second power
  1542 | D:2      | Found a sparkling altar of Nemelex Xobeh.
  1552 | D:2      | Reached XP level 3. HP: 5/19 MP: 5/5
  1814 | D:2      | Slain by a goblin

Vault maps used:
D:1:      minmay_arrival_plants_in_alcoves, minivault_14
D:2:      overflow_temple_1_default

Action                   || total
-------------------------++-------
Melee: Short sword       ||   114
  Use: Potion            ||     1
 Stab: Sleeping          ||     2
